cohdb
Replays
Latest Replays
All Replays
Popular Replays
Top Player Replays
Match Explorer
How It Works
Community
CoH3 Stats
Reddit
Sign in to upload your games and track your stats! →
Sign in with Steam
Match 46501076
Unlisted
Match 46501076
Overview
Messages
Build Orders
End
Kettenkrad Recon Vehicle
Construct Infanterie Kompanie
Selects Terror Battlegroup
Selects Machine Gun Camouflage
MG 42 Machine Gun Team
MG 42 Machine Gun Team
Grenadier Squad
Medical Station
Construct Panzergrenadier Kompanie
Panzergrenadier Squad
Support Elements
Pak 40 Anti-tank Gun Team
Kettenkrad Recon Vehicle
Panzergrenadier Squad
MG 42 Bunker
StuG III G Assault Gun
Nebelwerfer 42 Rocket Launcher Team
Selects No Quarter
Construct Panzer Kompanie
Panzergrenadier Officer Quarters
APACHE
Crazy Dog
V4rangian
Herr Blautier
TBoR
EPHX_Valkyrion
0
0
Comments
sign in to comment!
No comments posted yet!